 Dungeon Crawl Stone Soup version 0.28-a0-938-gbc3f381ebc (webtiles) character file.

Game seed: 14104911390053469420

109 enile the Magician (level 5, -1/38 HPs)
             Began as a Djinni Hedge Wizard on Nov 30, 2021.
             Was a Follower of Zin (penitent).
             Slain by Pargi (2 damage)
             ... on level 4 of the Dungeon.
             The game lasted 00:08:55 (3990 turns).

enile the Magician (Djinni Hedge Wizard)            Turns: 3990, Time: 00:08:56

Health: -1/38      AC:  2    Str:  9    XL:     5   Next: 13%
Gold:   69         EV: 12    Int: 17    God:    Zin [*] SH:  0 Dex: 12

rFire   + + .      SeeInvis .   a - +0 dagger (elec)
rCold   x . .      Faith    .   (no shield)
rNeg    . . .      Spirit   .   b - +0 robe
rPois   ∞          Reflect  .   c - +0 hat
rElec   .          Harm     .   (no cloak)
rCorr   .          Rampage  .   (no gloves)
Will    .....                   (boots unavailable)
Stlth   ++........              (no amulet)
HPRegen 0.12/turn               (no ring)
MPRegen 0.00/turn               (no ring)

@: flying
A: sickness immunity, fire resistance 2, cold vulnerability 1, float, innate
caster, hp casting, extra vitality 1
a: Renounce Religion, Donate Gold


You were on level 4 of the Dungeon.
You worshipped Zin.
Zin was demanding penance.
You visited 1 branch of the dungeon, and saw 4 of its levels.

You collected 76 gold pieces.
You donated 7 gold pieces to Zin.

Inventory:

Hand Weapons
 a - a +0 dagger of electrocution (weapon)
Armour
 b - a +0 robe (worn)
 c - a +0 hat (worn)
 k - a +1 pair of boots
Jewellery
 d - a ring of poison resistance
Wands
 l - a wand of flame (3)
Scrolls
 g - a scroll of enchant weapon {unknown}
 h - a scroll of amnesia {unknown}
 i - a scroll of blinking {unknown}
 j - a scroll of enchant armour {unknown}


   Skills:
 + Level 2.2 Fighting
 - Level 3.0 Dodging
 - Level 1.5 Stealth
 - Level 3.0 Spellcasting
 - Level 2.0 Invocations


You couldn't memorise any spells.
You knew the following spells:

 Your Spells              Type           Power      Damage    Failure   Level
a - Magic Dart            Conj           48%        1d5       4%          1
b - Blink                 Tloc           24%        N/A       8%          2
c - Call Imp              Summ           12%        N/A       8%          2
d - Slow                  Hex            48%        N/A       4%          1
e - Conjure Flame         Conj/Fire      12%        6-21      16%         3
f - Mephitic Cloud        Conj/Pois/Air  12%        N/A       16%         3
g - Beastly Appendage     Tmut           24%        N/A       4%          1
h - Ensorcelled Hibernat  Hex/Ice        24%        N/A       8%          2
Your spell library was empty.

Dungeon Overview and Level Annotations

Branches:
Dungeon (4/15)
 Temple: D:4-7

Altars:
Fedhas
Makhleb
Nemelex Xobeh
Zin

Annotations:
D:4 Pargi


Innate Abilities, Weirdness & Mutations

You are immune to sickness and miasma.
You are immune to poison.
Your flesh is very heat resistant. (rF++)
You are vulnerable to cold. (rC-)
You float through the air rather than walking.
You learn spells naturally, not from books.
Your magical power is your life essence.
You have superior vitality. (+4 HP)


Message History

Pargi is heavily wounded.
Aiming: Throw Flame
Press: ? - help, Q - select action, (/) - cycle Shift-Dir - straight line, f/p - Pargi
Aim: Pargi (heavily wounded, 60% to hit)
The puff of flame hits Pargi.
Pargi is heavily wounded.
Aiming: Throw Flame
Press: ? - help, Q - select action, (/) - cycle Shift-Dir - straight line, f/p - Pargi
Aim: Pargi (heavily wounded, 60% to hit)
The puff of flame misses Pargi.
Aiming: Slow (safe; 4% risk of failure)
Press: ? - help, Q - select action, (/) - cycle Shift-Dir - straight line, f/p - Pargi
Aim: Pargi (heavily wounded, chance to affect: 57%) Pargi resists with significant effort.
* * * LOW HITPOINT WARNING * * *
A kobold comes into view. It is wielding a +0 short sword.
Okay, then.
As you read the scroll labelled DAETONUDWYEBI, it crumbles to dust.
It is a scroll of brand weapon.
Your +0 dagger crackles with electricity.
a - a +0 dagger of electrocution (weapon)
Pargi bites you.
* * * LOW HITPOINT WARNING * * *
Pargi claws you but does no damage. Pargi claws you.
* * * LOW HITPOINT WARNING * * *
The kobold shouts!
You hit Pargi.
Pargi is heavily wounded.
The kobold throws a stone.
The stone hits you.
* * * LOW HITPOINT WARNING * * *
Pargi bites you.
* * * LOW HITPOINT WARNING * * *
Pargi misses you. x2
Okay, then.
As you read the scroll labelled CUIBENN QENN, it crumbles to dust.
You speak a Word of immense power!
It was a scroll of holy word.
Pargi closely misses you. Pargi claws you.
* * * LOW HITPOINT WARNING * * *
Pargi claws you.
You die...

.# .........# .. .. #.<.##
.##...#.##....## ###
$.#...#........# #.#
..........##)... ##
##)##....##....##.#.. ##..
#....###.###..# ###.. #....
##...##..#....####..#
#.....##..T@....#...........
#.......#.)........##....
##...#.##.......##.#.....
#....####...#.............
...#..# ##....#..##...#...
...... #.K.###..#...(##..
...... #...## #.......##..
..... .......##[.#.....#..
..... .......#..###.......


You could see Pargi and a kobold.

Vanquished Creatures
  An iguana (D:4)
  3 adders
  2 worms (D:2)
  An orc (D:3)
  2 endoplasms (D:3)
  A giant cockroach (D:1)
  4 goblins
  4 hobgoblins
  2 jackals (D:1)
  10 kobolds
  3 quokkas
  3 ball pythons
  2 bats
  4 frilled lizards
  2 rats
44 creatures vanquished.

Vanquished Creatures (collateral kills)
  A dart slug (D:1)
  An endoplasm (D:1)
2 creatures vanquished.

Grand Total: 46 creatures vanquished

Notes
Turn   | Place    | Note
-------+----------+-------------------------------------------
     0 | D:1      | enile the Djinni Hedge Wizard began the quest for the Orb.
     0 | D:1      | Reached XP level 1. HP: 15/15 MP: 0/0
   194 | D:1      | Reached skill level 1 in Fighting
   349 | D:1      | Found a faded altar of an unknown god.
   375 | D:1      | Reached XP level 2. HP: 19/22 MP: 0/0
  1479 | D:1      | Reached XP level 3. HP: 21/28 MP: 0/0
  1479 | D:1      | Learned a level 1 spell: Beastly Appendage
  1611 | D:1      | Prayed at the altar of an unknown god.
  1611 | D:1      | Became a worshipper of Zin the Law-Giver
  1611 | D:1      | Reached * piety under Zin
  2890 | D:3      | Found a sparkling altar of Nemelex Xobeh.
  2974 | D:3      | Found a blossoming altar of Fedhas.
  2987 | D:3      | Reached ** piety under Zin
  3057 | D:3      | Reached XP level 4. HP: 30/33 MP: 0/0
  3198 | D:3      | Found a glowing silver altar of Zin.
  3198 | D:3      | Found a burning altar of Makhleb.
  3199 | D:3      | Noticed a blizzard demon
  3199 | D:3      | Noticed an angel
  3496 | D:3      | Reached skill level 1 in Invocations
  3723 | D:4      | Reached XP level 5. HP: 23/38 MP: 0/0
  3723 | D:4      | Learned a level 2 spell: Ensorcelled Hibernation
  3815 | D:4      | Noticed Pargi
  3968 | D:4      | Was placed under penance by Zin
  3990 | D:4      | HP: 1/38 [Pargi (1)]
  3990 | D:4      | Slain by Pargi

Illustrated notes

Levels and vault maps discovered:
D:1:      shiori_arrival_elements, layout_basic, ebering_ecumenical_altar_webs,
          chequers_serial_rivers_micro_b, minmay_misc_feat_room
D:2:      layout_loops_ring
D:3:      layout_loops_cross, grunt_temple_overflow_order_and_chaos_2,
          nemelex_spade_bored_becter, fedhas_ov_isle_minmay, minmay_distorted
D:4:      layout_cave_pools, serial_shops, nicolae_shop_statue_plus,
          uniq_grinder, uniq_menkaure, uniq_pargi

Skill      XL: |  1  2  3  4 |
---------------+-------------+-----
Fighting       | 1 2 |  2.2
Spellcasting   | 3 |  3.0
Dodging        | 3 |  3.0
Invocations    | 2 |  2.0
Stealth        | |  1.5

Action                   |  1- 3 |  4- 6 || total
-------------------------+-------+-------++-------
Melee: Dagger            |    16 |    15 ||    31
 Cast: Magic Dart        |    87 |    48 ||   135
       Call Imp          |     3 |       ||     3
       Mephitic Cloud    |     2 |     5 ||     7
       Ensorcelled Hiber |       |     7 ||     7
       Slow              |       |     2 ||     2
       Conjure Flame     |       |     1 ||     1
       Blink             |       |     1 ||     1
Evoke: Wand              |       |     4 ||     4
  Use: Scroll            |       |     3 ||     3
       Potion            |       |     2 ||     2
 Stab: Sleeping          |       |     3 ||     3
       Confused          |       |     1 ||     1
Armor: Robe              |     8 |     2 ||    10
Dodge: Dodged            |    24 |    16 ||    40

Table legend: (Time is in decaauts)
 A = Elapsed time spent in this place.
 B = Non-inter-level travel time spent in this place.
 C = Inter-level travel time spent in this place.
 D = Time resting spent in this place.
 E = Time spent auto-exploring this place.
 F = Levels seen in this place.
 G = Mean time per level.
                   A        B        C        D        E       F      G
               +--------+--------+--------+--------+--------+-----+--------+
         Total |   3989 |   3928 |     61 |    221 |   3266 |   4 |  997.2 |
       Dungeon |   3989 |   3928 |     61 |    221 |   3266 |   4 |  997.2 |
               +--------+--------+--------+--------+--------+-----+--------+

Top non-repeatable levels by time:
     D:1: 1789 daAuts
     D:2: 1073 daAuts
     D:3: 803 daAuts
     D:4: 322 daAuts
